 Dungeon Crawl Stone Soup version 0.23.1-38-g628c18f (webtiles) character file.

Game seed: 4624498769147234833

46 Borgoz the Bolt Thrower (level 3, 0/22 HPs)
             Began as a Kobold Hunter on Mar 28, 2019.
             Succumbed to Ijyb's poison
             ... on level 3 of the Dungeon.
             The game lasted 00:02:35 (1115 turns).

Borgoz the Bolt Thrower (Kobold Hunter)             Turns: 1115, Time: 00:02:36

Health: 0/22       AC:  3    Str: 10    XL:     3   Next: 95%
Magic:  3/3        EV: 15    Int: 12    God:
Gold:   30         SH:  0    Dex: 15    Spells: 2/2 levels left

rFire    . . .     SeeInvis .   a - +1 hand crossbow
rCold    . . .     Gourm    .   (shield restricted)
rNeg     . . .     Faith    .   c - +0 leather armour
rPois    .         Spirit   .   (no helmet)
rElec    .         Reflect  .   (no cloak)
rCorr    .         Harm     .   (no gloves)
MR       .....                  (no boots)
Stlth    ++........             (no amulet)
HPRegen  0.07/turn              (no ring)
MPRegen  0.08/turn              (no ring)

@: lethally poisoned (0 -> -14)
A: small, carnivore
a: no special abilities


You were on level 3 of the Dungeon.
You were not hungry.

You visited 1 branch of the dungeon, and saw 3 of its levels.

You collected 30 gold pieces.

Inventory:

Hand Weapons
 a - a +1 hand crossbow (weapon)
 b - a +0 short sword
Missiles
 d - 8 bolts (quivered)
Armour
 c - a +0 leather armour (worn)
 g - a +4 ring mail
Scrolls
 e - a scroll of fear {unknown}
 h - 2 scrolls of remove curse {unknown}
 j - 4 scrolls of identify {unknown}
 k - a scroll of teleportation {unknown}
Comestibles
 f - 7 rations


   Skills:
 + Level 2.5 Fighting
 * Level 2.0 Short Blades
 - Level 5.0 Crossbows
 * Level 1.0 Armour
 * Level 3.0 Dodging
 + Level 2.0 Stealth
 + Level 0.0 Spellcasting


You had 2 spell levels left.
You didn't know any spells.
Your spell library was empty.

Dungeon Overview and Level Annotations

Branches:
Dungeon (3/15)

Altars:
Elyvilon

Annotations:
D:2 Sigmund
D:3 Ijyb


Innate Abilities, Weirdness & Mutations

You are small and have problems with some larger weapons.
You are carnivorous and can eat meat at any time.


Message History

You shoot a bolt. The bolt closely misses Ijyb.
* * * LOW HITPOINT WARNING * * *
You feel sick. Ijyb hits you but does no damage.
You are more poisoned.
An orc comes into view. It is wielding a +0 club.
An orc comes into view. It is wielding a +0 trident.
You aren't carrying any potions.
Unknown command.
You aren't carrying any potions.
* * * LOW HITPOINT WARNING * * *
You feel sick.
* * * LOW HITPOINT WARNING * * *
You feel sick.
* * * LOW HITPOINT WARNING * * *
You feel sick.
Ijyb zaps a wand.
The puff of flame misses you.
Firing (i - inventory)
d - 9 bolts (quivered)
Press: ? - help, Shift-Dir - straight line, f/p - Ijyb
Aim: Ijyb, wielding a +1 dagger of venom, wearing a cursed -2 ring mail and carrying a wand of flame (14)
You shoot a bolt. The bolt barely misses Ijyb.
You die...

##### #.... #....
#############..##
#...........)..##
#####.#####.#####..#.
.#####...#.# #.#
#..#. .........#.#
#.# #..(.
...?.....@.# #.#
##.#( #####(g#### #.#
#.#. #..# #.# #.##
#..# #.# #.## #.(.
..# #... #.#.. ##..
#. .## ##. #. ## #.
.. #.


You could see Ijyb.

Vanquished Creatures
  An ooze (D:3)
  A dart slug (D:1)
  5 leopard geckos
  An orc (D:3)
  A ball python (D:1)
  2 giant cockroaches (D:3)
  5 goblins (D:1)
  4 hobgoblins (D:1)
  2 kobolds
  3 bats (D:1)
  4 frilled lizards
  4 rats
33 creatures vanquished.

Notes
Turn   | Place    | Note
-------+----------+-------------------------------------------
     0 | D:1      | Borgoz the Kobold Hunter began the quest for the Orb.
     0 | D:1      | Reached XP level 1. HP: 12/12 MP: 1/1
   119 | D:1      | Reached XP level 2. HP: 17/17 MP: 2/2
   122 | D:1      | Reached skill level 1 in Short Blades
   303 | D:1      | Reached XP level 3. HP: 22/22 MP: 3/3
   700 | D:2      | Noticed Sigmund
   834 | D:3      | Found a glowing drain.
   901 | D:3      | Found a white marble altar of Elyvilon.
   932 | D:3      | Reached skill level 5 in Crossbows
   932 | D:3      | Reached skill level 1 in Armour
  1106 | D:3      | Noticed Ijyb
  1114 | D:3      | HP: 1/22 [poisoned by Ijyb]
  1115 | D:3      | Succumbed to Ijyb's poison

Skill      XL: |  1  2  3 |
---------------+----------+-----
Short Blades   | 1 2 |  2.0
Dodging        | 3 |  3.0
Stealth        | 2 |  2.0
Crossbows      | 5 |  5.0
Armour         | 1 |  1.0
Fighting       | |  2.5

Action                   || total
-------------------------++-------
Melee: Short sword       ||    45
 Fire: Hand crossbow     ||    60
  Use: Potion            ||     2
  Eat: Chunk             ||     3
Armor: Leather armour    ||    10
Dodge: Dodged            ||    43
